 Dungeon Sprint DCSS version 0.16.1-11-g651b585 (webtiles) character file.

169 Ryushun the Shield-Bearer (level 5, -12/57 HPs)
             Began as a Troll Fighter on Mar 30, 2015.
             Mangled by a slime creature (17 damage)
             ... in the Dungeon (Sprint I: "Red Sonja").
             The game lasted 00:01:51 (148 turns).

Ryushun the Shield-Bearer (Troll Fighter)            Turns: 148, Time: 00:01:51

Health: -12/57     AC:  5    Str: 24    XL:     5   Next: 25%
Magic:  2/2        EV:  8    Int:  4    God:
Gold:   162        SH: 10    Dex: 10    Spells: 0 memorised, 4 levels left

rFire  . . .     SeeInvis .     a - +0 flail
rCold  . . .     Clarity  .     b - +0 robe
rNeg   . . .     SustAb   .     c - +0 shield
rPois  .         Gourm    +     (helmet restricted)
rElec  .         Spirit   .     (no cloak)
rCorr  .         Warding  .     (gloves unavailable)
rMut   .         NoTele   +     (boots unavailable)
MR     .....                    (no amulet)
Stlth  +.........               (no ring)
                                (no ring)

@: not resistant to hostile enchantments, very unstealthy
A: unfitting armour, claws 3, fast metabolism 3, gourmand, regeneration 2,
shaggy fur 1, tough skin 2
a: no special abilities


You were in the Dungeon.
You were not hungry.

You visited 1 branch You collected 162 gold pieces.

Inventory:

Hand weapons
 a - a +0 flail (weapon)
 m - a +0 giant club
 o - a +0 vampiric scythe
Armour
 b - a +0 robe (worn)
 c - a +0 shield (worn)
 p - a +0 robe
Magical devices
 n - a wand of random effects (34)
Scrolls
 k - a scroll of blinking
Potions
 e - a potion of might
 h - a potion of haste
 i - 2 potions of magic
 j - a potion of berserk rage
Comestibles
 d - 2 meat rations
 l - a chunk of flesh


   Skills:
 + Level 5.3 Fighting
 + Level 3.6 Maces & Flails
 + Level 5.1 Armour
 + Level 1.5 Dodging
 + Level 5.5 Shields


You had 4 spell levels left.
You didn't know any spells.

Dungeon Overview and Level Annotations

Branches:
Dungeon (1/1)

Altars:
Cheibriados
Dithmenos
Fedhas
Jiyva


Innate Abilities, Weirdness & Mutations

You are too large for most types of armour.
You have claws for hands.
Your metabolism is lightning-fast.
You like to eat raw meat.
You heal very quickly.
You are covered in fur (AC +1).
You have very tough skin (AC +2).


Message History

The slime creature is lightly wounded.
The slime creature barely misses you.
You feel much better. You block the slime creature's attack.
You hit the slime creature.
The slime creature is lightly wounded.
The slime creature hits you! The slime creature hits you.
You sock the slime creature!
The slime creature is moderately wounded.
You block the slime creature's attack.
You barely miss the slime creature.
The slime creature is moderately wounded.
The slime creature barely misses you.
You hit the slime creature.
The slime creature is moderately wounded.
The slime creature hits you!!
* * * LOW HITPOINT WARNING * * *
You barely miss the slime creature.
The slime creature is moderately wounded.
You block the slime creature's attack. The slime creature hits you!
You die...

################ ##
#<.#..'..#..'..#__#
#..'[.#.@J..#..'^.+
#..#####'#####+#__#
#..# #..# ## #..#
#### #..# #⌠⌠# ####


You could see a slime creature.

Vanquished Creatures
  An ogre (D)
  Sigmund (D)
  Ijyb (D)
3 creatures vanquished.

Notes
Turn   | Place    | Note
--------------------------------------------------------------
     0 | D        | Ryushun, the Troll Fighter, began the quest for the Orb.
     0 | D        | Reached XP level 1. HP: 22/22 MP: 1/1
     2 | D        | Noticed Ijyb
    15 | D        | Killed Ijyb
    15 | D        | Reached skill level 3 in Fighting
    15 | D        | Reached XP level 2. HP: 24/31 MP: 1/1
    30 | D        | Noticed an ogre
    34 | D        | Killed an ogre
    34 | D        | Reached skill level 4 in Fighting
    34 | D        | Reached skill level 1 in Dodging
    34 | D        | Reached XP level 3. HP: 29/40 MP: 2/2
    34 | D        | Reached XP level 4. HP: 35/49 MP: 2/2
    71 | D        | Noticed Sigmund
    89 | D        | Killed Sigmund
    89 | D        | Reached skill level 5 in Fighting
    89 | D        | Reached skill level 5 in Armour
    89 | D        | Reached skill level 5 in Shields
    89 | D        | Reached XP level 5. HP: 41/57 MP: 2/2
   127 | D        | Found a snail-covered altar of Cheibriados.
   127 | D        | Found a viscous altar of Jiyva.
   127 | D        | Found a shadowy altar of Dithmenos.
   127 | D        | Found a blossoming altar of Fedhas.
   127 | D        | Noticed a slime creature
   148 | D        | Mangled by a slime creature

Action                   |  1- 3 |  4- 6 || total
-------------------------+-------+-------++-------
Melee: Flail             |    15 |    23 ||    38
  Use: Potion            |       |     2 ||     2
  Eat: Chunk             |     1 |       ||     1
